 Dungeon Crawl Stone Soup version 0.29.0-4-gdea44cf6ec (webtiles) character file.

Game seed: 7160428184200432560

54 qw the Ruffian (level 3, -1/28 HPs)
             Began as a Ghoul Fire Elementalist on Aug 30, 2022.
             Slain by a goblin
             ... wielding a +0 club
             ... led by Robin
              (2 damage)
             ... on level 2 of the Dungeon.
             The game lasted 00:01:39 (1966 turns).

qw the Ruffian (Ghoul Fire Elementalist)            Turns: 1966, Time: 00:01:40

Health: -1/28      AC:  8    Str: 13    XL:     3   Next: 91%
Magic:  4/4        EV:  5    Int: 10    God:
Gold:   91         SH:  0    Dex:  9    Spells: 4/5 levels left

rFire   + . .      SeeInvis .     - Unarmed
rCold   + . .      Faith    .   (no shield)
rNeg    + + +      Spirit   .   g - +0 chain mail
rPois   inf        Reflect  .   (no helmet)
rElec   .          Harm     .   (no cloak)
rCorr   .          Rampage  .   (no gloves)
Will    .....                   (no boots)
Stlth   ..........              (no amulet)
HPRegen 0.00/turn               h - ring of protection from fire
MPRegen 0.09/turn               (no ring)

@: inhibited regen
A: claws 1, cold resistance 1, negative energy resistance 3, inhibited
regeneration, torment resistance 2, devour on kill
a: no special abilities


You were on level 2 of the Dungeon.
You visited 1 branch of the dungeon, and saw 2 of its levels.

You collected 91 gold pieces.


Innate Abilities, Weirdness & Mutations

You are immune to poison.
You have sharp fingernails.
Your flesh is cold resistant. (rC+)
You are immune to negative energy. (rN+++)
You do not regenerate when monsters are visible.
You are immune to unholy pain and torment.
You thrive by killing the living.


   Skills:
 - Level 1.0 Fighting
 - Level 1.7 Dodging
 - Level 2.1 Stealth
 + Level 3.4 Unarmed Combat
 - Level 1.7 Spellcasting
 - Level 0.7 Conjurations
 - Level 2.4 Fire Magic


You had 4 spell levels left.
You knew the following spells:

 Your Spells              Type           Power      Damage    Failure   Level
a - Foxfire               Conj/Fire      16%        2x1d4     99%         1

Your spell library contained the following spells:

 Spells                   Type           Power      Damage    Failure   Level
 Scorch                   Fire           10%        2d6       100%        2
 Conjure Flame            Conj/Fire      4%         6-21      100%        3
 Inner Flame              Hex/Fire       3%         N/A       100%        3
 Flame Wave               Conj/Fire      4%         2d5       100%        4

Inventory:

Armour
 g - a +0 chain mail (worn)
Jewellery
 h - a ring of protection from fire (left claw)
Potions
 c - a potion of berserk rage {unknown}
 d - a potion of attraction {unknown}
 e - a potion of ambrosia {unknown}
 j - a potion of mutation {unknown}

Dungeon Overview and Level Annotations

Branches:
Dungeon (2/15)

Altars:

Annotations:
D:2 Robin


Message History

The endoplasm jiggles.
You scratch the endoplasm but do no damage.
The goblin no longer looks unusually strong.
The bat hits you. Something hits you but does no damage.
The endoplasm hits you but does no damage.
You scratch the endoplasm but do no damage.
The bat barely misses you. The bat hits you.
Something hits you but does no damage.
A goblin comes into view. It is wielding a +0 club.
The endoplasm hits you.
The goblin shouts!
You scratch the endoplasm. You claw the endoplasm.
You kill the endoplasm!
You feel better. The bat completely misses you.
The goblins go into a battle-frenzy!
You barely miss the goblin.
The goblin no longer looks unusually strong.
The bat barely misses you. x2; The bat hits you but does no damage.
Something throws the goblin at you! The goblin hits you with a +0 dagger.
1962 ||| Stepping ~*~*~tactically~*~*~ (outnumbered).
The goblin attacks as you move away! The goblin hits you with a +0 dagger.
The goblin attacks as you move away! The goblin barely misses you.
Found a longbow.
The bat hits you but does no damage.
The goblin goes into a battle-frenzy!
1963 ||| Stepping ~*~*~tactically~*~*~ (outnumbered).
The bat attacks as you move away! The bat hits you. The bat closely misses you.
Something throws the goblin at you! The goblin hits you but does no damage.
1964 ||| Stepping ~*~*~tactically~*~*~ (outnumbered).
Something hits you. The goblin attacks as you move away!
The goblin hits you but does no damage.
You scratch the goblin.
The goblin is heavily wounded.
Something throws the goblin at you! The goblin barely misses you.
The goblin hits you with a +0 club.
1966 ||| Stepping ~*~*~tactically~*~*~ (outnumbered).
The goblin hits you with a +0 club.
You die... .# #.## .. .. .. g.. ##.# .# #gg

#..##.### #.g
##.#.....# #..
#........# #.S
#..#.#...#
####..#####..#@##..#
#.....#..<#).#gg..)#
#...)).....g###....#
##..##.....b# ####
#!##..........#
#!#........####.
#..##....##.# g..
#....##.# ...
..#####.#


You could see 3 goblins and a bat.

Vanquished Creatures
  A worm (D:1)
  4 ball pythons
  3 bats (D:1)
  6 endoplasms
  3 giant cockroaches
  4 hobgoblins (D:1)
  2 kobolds (D:1)
  2 quokkas
  2 frilled lizards
  13 goblins
  3 rats (D:1)
43 creatures vanquished.

Notes
Turn   | Place    | Note
-------+----------+-------------------------------------------
     0 | D:1      | qw the Ghoul Fire Elementalist began the quest for the Orb.
     0 | D:1      | Reached XP level 1. HP: 14/14 MP: 2/2
     0 | D:1      | 0 ||| qw: Version: 0.1-a-90-g952f4b7
     0 | D:1      | 0 ||| qw: Game counter: 4305
     0 | D:1      | 0 ||| qw: Always use a shield: true
     0 | D:1      | 0 ||| qw: God list: Okawaru
     0 | D:1      | 0 ||| qw: Allow faded altars: false
     0 | D:1      | 0 ||| qw: Do Orc after D:15 true
     0 | D:1      | 0 ||| qw: Do second Lair branch before Depths: true
     0 | D:1      | 0 ||| qw: Lair rune preference: random
     0 | D:1      | 0 ||| qw: Plans: Normal
     0 | D:1      | 0 ||| PLANNING D:1-11
    77 | D:1      | Reached skill level 1 in Unarmed Combat
   331 | D:1      | Reached skill level 1 in Fighting
   331 | D:1      | Reached XP level 2. HP: 23/23 MP: 3/3
   346 | D:1      | 346 ||| Stepping ~*~*~tactically~*~*~ (stealth).
   347 | D:1      | 347 ||| Stepping ~*~*~tactically~*~*~ (stealth).
   626 | D:1      | Reached skill level 2 in Unarmed Combat
  1000 | D:1      | Reached XP level 3. HP: 28/28 MP: 4/4
  1560 | D:1      | 1560 ||| UPGRADING to +0 chain mail.
  1570 | D:1      | 1570 ||| DROPPING +0 robe.
  1571 | D:1      | 1571 ||| UPGRADING to ring of protection from fire.
  1572 | D:1      | 1572 ||| READING scroll labelled FALIUX JOVUSEKH.
  1573 | D:1      | 1573 ||| READING scroll labelled GADESH QOLAEGAI.
  1574 | D:1      | 1574 ||| READING scroll labelled YCINNI MOTUEHITA.
  1575 | D:1      | 1575 ||| DROPPING potion of magic.
  1593 | D:2      | Noticed Robin
  1594 | D:2      | 1594 ||| Stepping ~*~*~tactically~*~*~ (stealth).
  1603 | D:2      | Reached skill level 3 in Unarmed Combat
  1626 | D:2      | 1626 ||| Stepping ~*~*~tactically~*~*~ (stealth).
  1634 | D:2      | 1634 ||| Stepping ~*~*~tactically~*~*~ (outnumbered).
  1635 | D:2      | 1635 ||| STAIRDANCE
  1637 | D:1      | 1637 ||| Stepping ~*~*~tactically~*~*~ (outnumbered).
  1638 | D:1      | 1638 ||| Stepping ~*~*~tactically~*~*~ (outnumbered).
  1644 | D:1      | HP: 3/28 [worm (6)]
  1931 | D:2      | 1931 ||| Stepping ~*~*~tactically~*~*~ (outnumbered).
  1932 | D:2      | 1932 ||| Stepping ~*~*~tactically~*~*~ (hiding).
  1933 | D:2      | 1933 ||| Stepping ~*~*~tactically~*~*~ (hiding).
  1949 | D:2      | 1949 ||| Stepping ~*~*~tactically~*~*~ (outnumbered).
  1950 | D:2      | 1950 ||| Stepping ~*~*~tactically~*~*~ (outnumbered).
  1952 | D:2      | 1952 ||| Stepping ~*~*~tactically~*~*~ (outnumbered).
  1953 | D:2      | 1953 ||| Stepping ~*~*~tactically~*~*~ (outnumbered).
  1954 | D:2      | 1954 ||| Stepping ~*~*~tactically~*~*~ (outnumbered).
  1962 | D:2      | 1962 ||| Stepping ~*~*~tactically~*~*~ (outnumbered).
  1962 | D:2      | HP: 7/28 [goblin/+0 dagger[Robin] (2)]
  1963 | D:2      | 1963 ||| Stepping ~*~*~tactically~*~*~ (outnumbered).
  1964 | D:2      | 1964 ||| Stepping ~*~*~tactically~*~*~ (outnumbered).
  1965 | D:2      | HP: 2/28 [something (2)]
  1966 | D:2      | 1966 ||| Stepping ~*~*~tactically~*~*~ (outnumbered).
  1966 | D:2      | Slain by a goblin

Levels and vault maps discovered:
D:1:      dpeg_arrival_windows_large_door, layout_loops_corners
D:2:      layout_loops_ring, serial_shops, shop, minmay_tetromino_s4, uniq_robin

Skill      XL: |  1  2  3 |
---------------+----------+-----
Unarmed Combat | 1 2 3 |  3.4
Fighting       | 1 |  1.0
Dodging        | |  1.7
Stealth        | |  2.1
Spellcasting   | |  1.7
Conjurations   | |  0.7
Fire Magic     | |  2.4

Action                   || total
-------------------------++-------
Melee: Unarmed           ||   163
       Punch             ||     3
  Use: Scroll            ||     3
Armor: Robe              ||    16
       Chain mail        ||    39
Dodge: Dodged            ||    77

Table legend:
 A = Non-vault XP
 B = Vault XP
 C = Vault XP percentage of total XP
 D = Non-vault monster count
 E = Vault monster count
 F = Vault count percentage of total count
                 A         B        C        D         E       F
            +---------+---------+-------+---------+---------+-------
      Total |      58 |      20 |  25.6 |      34 |       9 |  20.9
            +---------+---------+-------+---------+---------+-------
        D:1 |      52 |       7 |  11.9 |      30 |       2 |   6.2
        D:2 |       6 |      13 |  68.4 |       4 |       7 |  63.6
            +---------+---------+-------+---------+---------+-------
